 Dungeon Crawl Stone Soup version 0.21.0-25-ge575cb9 (webtiles) character file.

302 JeffiDaFish the Skirmisher (level 6, 0/55 HPs)
             Began as a Minotaur Fighter on Jan 25, 2018.
             Killed from afar by an orc wizard (10 damage)
             ... with a puff of flame
             ... on level 4 of the Dungeon.
             The game lasted 00:04:51 (2419 turns).

JeffiDaFish the Skirmisher (Minotaur Fighter)       Turns: 2419, Time: 00:04:52

Health: 0/55       AC: 14    Str: 21    XL:     6   Next: 14%
Magic:  5/5        EV:  6    Int:  5    God:
Gold:   171        SH: 10    Dex: 11    Spells: 5/5 levels left

rFire    . . .     SeeInvis .   a - +0 war axe
rCold    . . .     Gourm    .   c - +0 shield
rNeg     . . .     Faith    .   e - +0 plate armour
rPois    .         Spirit   .   (helmet restricted)
rElec    .         Reflect  .   (no cloak)
rCorr    .         Harm     .   (no gloves)
MR       .....                  i - +1 pair of boots
Stlth    ..........             (no amulet)
HPRegen  0.18/turn              h - +1 ring of evasion
MPRegen  0.09/turn              (no ring)

@: no status effects
A: retaliatory headbutt, horns 2
a: no special abilities


You were on level 4 of the Dungeon.
You were not hungry.

You visited 1 branch of the dungeon, and saw 4 of its levels.

You collected 171 gold pieces.

Inventory:

Hand Weapons
 a - a +0 war axe (weapon)
Armour
 c - a +0 shield (worn)
 e - a +0 plate armour (worn)
 i - a +1 pair of boots (worn)
Jewellery
 h - a +1 ring of evasion (left hand)
Scrolls
 g - a scroll of teleportation
 k - a scroll of identify
Potions
 b - a potion of haste
 d - a potion of might
Comestibles
 f - 8 rations
 l - 2 chunks of flesh


   Skills:
 + Level 4.9 Fighting
 + Level 4.0 Axes
 + Level 4.7 Armour
 * Level 3.1 Dodging
 + Level 4.8 Shields


You had 5 spell levels left.
You didn't know any spells.

Dungeon Overview and Level Annotations

Branches:
Dungeon (4/15)
 Temple: D:4-7

Altars:
Ashenzari
Cheibriados


Innate Abilities, Weirdness & Mutations

You reflexively headbutt those who attack you in melee.
You have a pair of horns on your head.


Message History

The orc wizard flickers and vanishes!
Deactivating autopickup; reactivate with Ctrl-A.
You hear some strange, mumbled words.
You are confused.
You feel better.
You hear some strange, mumbled words.
A magic dart appears from out of thin air!
The magic dart hits you!
* * * LOW HITPOINT WARNING * * *
Your plate armour prevents you from hitting something.
Your headbutt misses something. Something hits you but does no damage.
Your plate armour prevents you from hitting something.
Your headbutt misses something. You block something's attack.
You miss something.
Something hits you but does no damage. x2
You closely miss something. Something hits you but does no damage.
You miss something.
You hear some strange, mumbled words.
A puff of flame appears from out of thin air!
The puff of flame hits you!
You die...

,,,,,,,,,****,,,,,.......#.......
,,,,,,,,,..#......#..............
,,,,,,,,,#........,........#.....
>,,,,,,,,*.......##.###..........
*,,,,,,,**#.#.............##.....
**,,,,.####.#.......#**#.........
***,,..............#####รท.......
*,,**#...))...................
****,,###.###...@................
*,>,,,....###.[{.................
*,,,,,....###.........#........./
*,,,,,.....#.........####.###....
*,,,,,.....#....?....# #........
*,,,,,..#.._.........# ##......#.
*,,,,,.,#..#..###.######.......##
*,,,,,,.#..#.................###
*,,,,,,...###.........(.>......##


There were no monsters in sight!

Vanquished Creatures
  A scorpion (D:4)
  An orc wizard (D:3)
  An orc priest (D:4)
  An iguana (D:4)
  A worker ant (D:4)
  5 adders
  An adder skeleton (D:4)
  2 worms
  A dart slug (D:3)
  4 leopard geckos
  8 orcs
  6 giant cockroaches
  14 goblins
  8 hobgoblins
  4 jackals (D:1)
  A ball python (D:1)
  5 bats
  3 frilled lizards
  A jackal skeleton (D:4)
  8 kobolds
  A leopard gecko skeleton (D:4)
  7 rats
84 creatures vanquished.

Notes
Turn   | Place    | Note
-------+----------+-------------------------------------------
     0 | D:1      | JeffiDaFish the Minotaur Fighter began the quest for the Orb.
     0 | D:1      | Reached XP level 1. HP: 19/19 MP: 0/0
    40 | D:1      | Reached XP level 2. HP: 25/27 MP: 1/1
   318 | D:1      | Reached XP level 3. HP: 33/33 MP: 2/2
   658 | D:2      | Reached skill level 1 in Dodging
   754 | D:2      | Reached XP level 4. HP: 41/41 MP: 3/3
  1176 | D:3      | Found a snail-covered altar of Cheibriados.
  1878 | D:3      | Reached XP level 5. HP: 47/47 MP: 4/4
  2369 | D:4      | Found a shattered altar of Ashenzari.
  2373 | D:4      | Reached XP level 6. HP: 55/55 MP: 5/5
  2419 | D:4      | Killed from afar by an orc wizard

Skill      XL: |  1  2  3  4  5  6 |
---------------+-------------------+-----
Fighting       | 4 |  4.9
Shields        | 4 |  4.8
Axes           | 3 4 |  4.0
Armour         | 4 |  4.7
Dodging        | 1 2 3 |  3.1

Action                   |  1- 3 |  4- 6 || total
-------------------------+-------+-------++-------
Melee: War axe           |    92 |   147 ||   239
       Headbutt          |    13 |    20 ||    33
  Use: Scroll            |     3 |     3 ||     6
       Potion            |     2 |     3 ||     5
  Eat: Chunk             |       |     5 ||     5
Armor: Scale mail        |     9 |       ||     9
       Plate armour      |    66 |   118 ||   184
Dodge: Dodged            |    21 |    38 ||    59
Block: Shield            |    44 |    81 ||   125
